 Dungeon Crawl Stone Soup version 0.30-a0-2-gf48d83f5e2 (webtiles) character file.

Game seed: 6299439771295400325

72 Turgor the Grasshopper (level 4, -1/38 HPs)
             Began as a Gnoll Warper on Aug 19, 2022.
             Slain by Ijyb
             ... wielding a +0 dagger
              (2 damage)
             ... on level 3 of the Dungeon.
             The game lasted 00:07:31 (2907 turns).

Turgor the Grasshopper (Gnoll Warper)               Turns: 2907, Time: 00:07:32

Health: -1/38      AC:  5    Str: 13    XL:     4   Next: 25%
Magic:  11/11      EV: 12    Int: 18    God:
Gold:   125        SH:  0    Dex: 11    Spells: 6/13 levels left

rFire   . . .      SeeInvis .    a - +0 hand axe
rCold   . . .      Faith    .    (no shield)
rNeg    . . .      Spirit   .    b - +0 leather armour
rPois   .          Reflect  .    p - +2 hat
rElec   .          Harm     .    g - scarf {shadows}
rCorr   .          Rampage  .    (no gloves)
Will    .....                    (no boots)
Stlth   +.........               n - amulet of magic regeneration
HPRegen 0.12/turn                q - +6 ring of intelligence
MPRegen 0.52/turn                (no ring)

@: no status effects
A: fangs 1, strong nose, distributed training
a: no special abilities


You were on level 3 of the Dungeon.
You visited 1 branch of the dungeon, and saw 3 of its levels.

You collected 125 gold pieces.

Inventory:

Hand Weapons
 a - a +0 hand axe (weapon)
Missiles
 d - 7 boomerangs of dispersal
 m - 6 poisoned darts (quivered)
Armour
 b - a +0 leather armour (worn)
 g - a scarf of shadows (worn)
 p - a +2 hat (worn)
Magical Staves
 f - a staff of cold
Jewellery
 n - an amulet of magic regeneration (around neck)
 q - a +6 ring of intelligence (left hand)
Scrolls
 c - a scroll of blinking
 e - 5 scrolls of identify {unknown}
 j - a scroll of immolation {unknown}
 k - a scroll of poison {unknown}
 l - a scroll of magic mapping {unknown}
Potions
 h - 2 potions of curing
 i - a potion of berserk rage {unknown}
 o - a potion of degeneration {unknown}


   Skills:
 + Level 4.6 Fighting
 + Level 1.1 Short Blades
 + Level 1.1 Long Blades
 + Level 4.6 Axes
 + Level 1.1 Maces & Flails
 + Level 1.1 Polearms
 + Level 1.1 Staves
 + Level 1.1 Ranged Weapons
 + Level 2.7 Throwing
 + Level 2.7 Armour
 + Level 4.6 Dodging
 + Level 1.1 Stealth
 + Level 1.1 Shields
 + Level 1.1 Unarmed Combat
 + Level 5.1 Spellcasting
 + Level 0.9 Conjurations
 + Level 0.9 Hexes
 + Level 0.9 Summonings
 + Level 0.9 Necromancy
 + Level 5.4 Translocations
 + Level 0.9 Transmutations
 + Level 0.9 Fire Magic
 + Level 0.9 Ice Magic
 + Level 0.9 Air Magic
 + Level 0.9 Earth Magic
 + Level 0.9 Poison Magic
 + Level 1.2 Invocations
 + Level 1.1 Evocations


You had 6 spell levels left.
You knew the following spells:

 Your Spells              Type           Power      Damage    Failure   Level
a - Blink                 Tloc           48%        N/A       2%          2
b - Apportation           Tloc           48%        N/A       1%          1
c - Lesser Beckoning      Tloc           24%        N/A       5%          3
d - Summon Small Mammal   Summ           28%        N/A       12%         1

Your spell library contained the following spells:

 Spells                   Type           Power      Damage    Failure   Level
 Gell's Gravitas          Tloc           24%        N/A       5%          3
 Teleport Other           Tloc           24%        N/A       5%          3
 Necrotise                Necr           28%        1d5       12%         1
 Manifold Assault         Tloc           24%        N/A       43%         5


Dungeon Overview and Level Annotations

Branches:
Dungeon (3/15)

Altars:

Annotations:
D:2 Sigmund
D:3 Ijyb


Innate Abilities, Weirdness & Mutations

You have very sharp teeth.
Your uncanny sense of smell can sniff out nearby items.
Your experience applies equally to all skills.


Message History

You hit Ijyb but do no damage.
Ijyb is almost dead.
Ijyb barely misses you.
You hit Ijyb but do no damage.
Ijyb is almost dead.
Ijyb hits you with a +0 dagger.
* * * LOW HITPOINT WARNING * * *
You closely miss Ijyb.
Ijyb is almost dead.
Ijyb hits you but does no damage.
You barely miss Ijyb. Your punch misses Ijyb.
Ijyb is almost dead.
Ijyb hits you with a +0 dagger.
* * * LOW HITPOINT WARNING * * *
You closely miss Ijyb.
Ijyb is almost dead.
Ijyb hits you with a +0 dagger.
* * * LOW HITPOINT WARNING * * *
It was a potion of curing.
You feel better. Ijyb barely misses you.
You barely miss Ijyb.
Ijyb is almost dead.
Ijyb hits you with a +0 dagger.
* * * LOW HITPOINT WARNING * * *
You closely miss Ijyb.
Ijyb is almost dead.
Ijyb hits you but does no damage.
You hit Ijyb but do no damage.
Ijyb is almost dead.
Ijyb hits you but does no damage.
You barely miss Ijyb.
Ijyb is almost dead.
Ijyb hits you with a +0 dagger.
* * * LOW HITPOINT WARNING * * *
Okay, then.
You closely miss Ijyb.
Ijyb is almost dead.
Ijyb hits you with a +0 dagger.
* * * LOW HITPOINT WARNING * * *
Ijyb hits you with a +0 dagger.
You die...

########
#......#
#.....!#
#......#
#......########
#...(....g@...#
#......######.#
#.......
#.######..
####.#...
#........#
#.#....
#..#######
#(###### #..# #
####..#
#.#####....##
#........#.#####


You could see Ijyb.

Vanquished Creatures
  An adder (D:3)
  7 dart slugs
  2 worms
  2 giant cockroaches (D:1)
  A goblin (D:2)
  3 hobgoblins
  6 kobolds
  A quokka (D:2)
  7 ball pythons
  7 bats
  5 frilled lizards
  5 rats
47 creatures vanquished.

Vanquished Creatures (others)
  A plant (D:1)
1 creature vanquished.

Grand Total: 48 creatures vanquished

Notes
Turn   | Place    | Note
-------+----------+-------------------------------------------
     0 | D:1      | Turgor the Gnoll Warper began the quest for the Orb.
     0 | D:1      | Reached XP level 1. HP: 20/20 MP: 6/6
   264 | D:1      | Reached XP level 2. HP: 25/26 MP: 7/7
   267 | D:1      | Learned a level 2 spell: Blink
  1278 | D:2      | Reached skill level 5 in Spellcasting
  1278 | D:2      | Reached XP level 3. HP: 31/31 MP: 7/9
  1293 | D:2      | Learned a level 1 spell: Apportation
  1297 | D:2      | Learned a level 3 spell: Lesser Beckoning
  1624 | D:2      | Reached skill level 1 in Invocations
  1712 | D:2      | Noticed Sigmund
  2359 | D:3      | Reached skill level 1 in Short Blades
  2359 | D:3      | Reached skill level 1 in Long Blades
  2359 | D:3      | Reached skill level 1 in Maces & Flails
  2359 | D:3      | Reached skill level 1 in Polearms
  2359 | D:3      | Reached skill level 1 in Staves
  2359 | D:3      | Reached skill level 1 in Ranged Weapons
  2359 | D:3      | Reached skill level 1 in Stealth
  2359 | D:3      | Reached skill level 1 in Shields
  2359 | D:3      | Reached skill level 1 in Unarmed Combat
  2359 | D:3      | Reached skill level 1 in Evocations
  2647 | D:3      | Learned a level 1 spell: Summon Small Mammal
  2760 | D:3      | Reached XP level 4. HP: 38/38 MP: 11/11
  2856 | D:3      | Noticed Ijyb
  2901 | D:3      | HP: 1/38 [Ijyb/+0 dagger (4)]
  2907 | D:3      | HP: 1/38 [Ijyb/+0 dagger (6)]
  2907 | D:3      | Slain by Ijyb

Illustrated notes

Levels and vault maps discovered:
D:1:      wander_arrival_fairy_ring, layout_basic
D:2:      layout_loops_ring, grunt_decor_arrowhead, uniq_sigmund
D:3:      kennysheep_slugbush, layout_basic,
          shapermc_ecumenical_altar_starsandcircs, st_stairs_1, uniq_ijyb

Skill      XL: |  1  2  3 |
---------------+----------+-----
Spellcasting   | 5 |  5.1
Invocations    | 1 |  1.2
Short Blades   | 1 |  1.1
Long Blades    | 1 |  1.1
Maces & Flails | 1 |  1.1
Polearms       | 1 |  1.1
Staves         | 1 |  1.1
Ranged Weapons | 1 |  1.1
Stealth        | 1 |  1.1
Shields        | 1 |  1.1
Unarmed Combat | 1 |  1.1
Evocations     | 1 |  1.1
Fighting       | |  4.6
Axes           | |  4.6
Throwing       | |  2.7
Armour         | |  2.7
Dodging        | |  4.6
Conjurations   | |  0.9
Hexes          | |  0.9
Summonings     | |  0.9
Necromancy     | |  0.9
Translocations | |  5.4
Transmutations | |  0.9
Fire Magic     | |  0.9
Ice Magic      | |  0.9
Air Magic      | |  0.9
Earth Magic    | |  0.9
Poison Magic   | |  0.9

Action                   |  1- 3 |  4- 6 || total
-------------------------+-------+-------++-------
Melee: Hand axe          |   172 |    41 ||   213
       Bite              |    12 |     1 ||    13
       Punch             |     2 |     2 ||     4
Throw: Dart              |       |     2 ||     2
 Cast: Summon Small Mamm |     3 |       ||     3
  Use: Potion            |       |     1 ||     1
 Stab: Sleeping          |     1 |       ||     1
Armor: Leather armour    |    49 |    13 ||    62
Dodge: Dodged            |   101 |    28 ||   129

Table legend: (Time is in decaauts)
 A = Elapsed time spent in this place.
 B = Non-inter-level travel time spent in this place.
 C = Inter-level travel time spent in this place.
 D = Time resting spent in this place.
 E = Time spent auto-exploring this place.
 F = Levels seen in this place.
 G = Mean time per level.
                   A        B        C        D        E       F      G
               +--------+--------+--------+--------+--------+-----+--------+
         Total |   2925 |   2887 |     38 |     98 |   2113 |   3 |  975.0 |
       Dungeon |   2925 |   2887 |     38 |     98 |   2113 |   3 |  975.0 |
               +--------+--------+--------+--------+--------+-----+--------+

Top non-repeatable levels by time:
     D:2: 1226 daAuts
     D:1: 1032 daAuts
     D:3: 665 daAuts
